 Dungeon Crawl Stone Soup version 0.29-a0-901-g46a8461d6a (webtiles) character file.

Game seed: 7344944883161492873

272 wilfster70 the Stinger (level 6, -2/32 HPs)
             Began as a Deep Elf Venom Mage on July 23, 2022.
             Succumbed to an adder's poison
             ... on level 3 of the Dungeon.
             The game lasted 00:09:45 (3248 turns).

wilfster70 the Stinger (Deep Elf Venom Mage)        Turns: 3248, Time: 00:09:45

Health: -2/32      AC:  3    Str:  5    XL:     6   Next: 2%
Magic:  13/16      EV: 12    Int: 22    God:
Gold:   81         SH:  0    Dex: 15    Spells: 9/15 levels left

rFire   . . .      SeeInvis .   a - +0 dagger (pain)
rCold   . . .      Faith    .   (no shield)
rNeg    + . .      Spirit   .   g - +1 robe
rPois   .          Reflect  .   (no helmet)
rElec   .          Harm     .   (no cloak)
rCorr   .          Rampage  .   (no gloves)
Will    .....                   (no boots)
Stlth   +.........              (no amulet)
HPRegen 0.10/turn               l - ring of positive energy
MPRegen 0.15/turn               (no ring)

@: lethally poisoned (-2 -> -9), very slow
A: no striking features
a: no special abilities


You were on level 3 of the Dungeon.
You visited 1 branch of the dungeon, and saw 3 of its levels.

You collected 81 gold pieces.

Inventory:

Hand Weapons
 a - a +0 dagger of pain (weapon)
Missiles
 e - 11 poisoned darts
Armour
 g - a +1 robe (worn)
Jewellery
 j - a ring of ice
 l - a ring of positive energy (left hand)
Scrolls
 d - a scroll of enchant weapon
 f - a scroll of poison
 i - 2 scrolls of fog
Potions
 k - a potion of cancellation


   Skills:
 - Level 2.4 Dodging
 - Level 2.4 Stealth
 + Level 5.3 Spellcasting
 - Level 1.1 Transmutations
 * Level 6.4 Poison Magic


You had 9 spell levels left.
You knew the following spells:

 Your Spells              Type           Power      Damage    Failure   Level
a - Sting                 Tmut/Pois      88%        1d7       1%          1
b - Poisonous Vapours     Pois/Air       40%        N/A       4%          2
c - Mephitic Cloud        Conj/Pois/Air  15%        N/A       12%         3

Your spell library contained the following spells:

 Spells                   Type           Power      Damage    Failure   Level
 Olgreb's Toxic Radiance  Pois           34%        N/A       7%          4


Dungeon Overview and Level Annotations

Branches:
Dungeon (3/15)

Altars:

Shops:
D:2 [

Annotations:
D:3 exclusion: water moccasin


Message History

Confirm with . or Enter, or press ? or * to list all spells.
Aiming: Sting (safe; 2% risk of failure)
Press: ? - help, Shift-Dir - straight line, f - adder
Aim: an adder (60% to hit)
The sting hits the adder.
The adder is poisoned.
The adder is moderately wounded.
You feel sick. The adder barely misses you. The adder misses you.
The adder bites you.
* * * LOW HITPOINT WARNING * * *
Casting: Sting (safe; 2% risk of failure)
Confirm with . or Enter, or press ? or * to list all spells.
Aiming: Sting (safe; 2% risk of failure)
Press: ? - help, Shift-Dir - straight line, f/p - adder
Aim: an adder (moderately wounded, poisoned, 60% to hit)
The sting hits the adder.
The adder looks even sicker.
The adder is heavily wounded.
You feel sick. The adder closely misses you. The adder barely misses you.
The adder bites you.
* * * LOW HITPOINT WARNING * * *
Casting: Sting (safe; 2% risk of failure)
Confirm with . or Enter, or press ? or * to list all spells.
Aiming: Sting (safe; 2% risk of failure)
Press: ? - help, Shift-Dir - straight line, f/p - adder
Aim: an adder (heavily wounded, very poisoned, 60% to hit)
The sting hits the adder.
The adder looks even sicker.
You kill the adder!
You feel sick.
You are no longer poisoned.
The adder bites you.
* * * LOW HITPOINT WARNING * * *
You have reached level 6!
The adder misses you. The adder bites you.
* * * LOW HITPOINT WARNING * * *
You see here an adder corpse.
The adder bites you.
* * * LOW HITPOINT WARNING * * *
You are lethally poisoned!
The adder poisons you! The adder misses you.
The adder attacks as you move away! The adder closely misses you.
You die...

#......# #######
#......#
##....[#########.##
#≈≈.......†.††....#
#≈≈≈...############
###≈#....#
≈r#≈≈≈...#
##≈#≈#≈...#
wS#rS≈@..#
#≈#≈#≈...#
#≈#≈#≈...#
#≈w≈#....#
#####....# #....#
######


You could see an adder and a river rat.

Vanquished Creatures
  A scorpion (D:2)
  2 hounds
  2 gnolls
  2 river rats (D:3)
  5 adders
  5 worms
  5 endoplasms
  2 giant cockroaches (D:1)
  A goblin (D:1)
  7 hobgoblins
  3 jackals (D:1)
  3 kobolds (D:1)
  4 quokkas
  4 ball pythons
  4 bats
  3 frilled lizards
  5 rats
58 creatures vanquished.

Notes
Turn   | Place    | Note
-------+----------+-------------------------------------------
     0 | D:1      | wilfster70 the Deep Elf Venom Mage began the quest for the
                  | Orb.
     0 | D:1      | Reached XP level 1. HP: 10/10 MP: 6/6
   506 | D:1      | Reached XP level 2. HP: 6/15 MP: 6/8
   749 | D:1      | Reached skill level 4 in Poison Magic
  1077 | D:1      | Reached XP level 3. HP: 7/19 MP: 7/10
  1272 | D:1      | Learned a level 2 spell: Poisonous Vapours
  1276 | D:1      | Learned a level 3 spell: Mephitic Cloud
  1606 | D:2      | Found Sintaug's Armour Shoppe.
  1617 | D:2      | Found a faded altar of an unknown god.
  2205 | D:2      | Reached XP level 4. HP: 7/24 MP: 6/12
  2209 | D:2      | Reached skill level 5 in Poison Magic
  2588 | D:2      | Noticed a scorpion
  2594 | D:2      | Killed a scorpion
  2595 | D:2      | Reached XP level 5. HP: 28/28 MP: 3/14
  2861 | D:2      | You fall into a shaft and drop 1 floor!
  2892 | D:2      | Reached skill level 5 in Spellcasting
  3001 | D:3      | Noticed a water moccasin
  3054 | D:3      | Reached skill level 6 in Poison Magic
  3246 | D:3      | Reached XP level 6. HP: 3/32 MP: 12/16
  3247 | D:3      | HP: 1/32 [adder (2)]
  3248 | D:3      | Succumbed to an adder's poison

Illustrated notes

Levels and vault maps discovered:
D:1:      dpeg_cavernosity, layout_rooms
D:2:      minmay_wonky_spiral, layout_loops_ring,
          ebering_ecumenical_altar_petrified, serial_shops, shop
D:3:      layout_rooms, lightli_sewer_entry_pipes

Skill      XL: |  1  2  3  4  5 |
---------------+----------------+-----
Poison Magic   | 4 5 6 |  6.4
Spellcasting   | 4 5 |  5.3
Dodging        | |  2.4
Stealth        | |  2.4
Transmutations | |  1.1

Action                   |  1- 3 |  4- 6 || total
-------------------------+-------+-------++-------
Melee: Dagger            |     1 |     1 ||     2
 Cast: Sting             |    62 |    58 ||   120
       Poisonous Vapours |    13 |    11 ||    24
  Use: Scroll            |     5 |     3 ||     8
       Potion            |       |     3 ||     3
Armor: Robe              |     9 |     4 ||    13
Dodge: Dodged            |    34 |    47 ||    81

Table legend: (Time is in decaauts)
 A = Elapsed time spent in this place.
 B = Non-inter-level travel time spent in this place.
 C = Inter-level travel time spent in this place.
 D = Time resting spent in this place.
 E = Time spent auto-exploring this place.
 F = Levels seen in this place.
 G = Mean time per level.
                   A        B        C        D        E       F      G
               +--------+--------+--------+--------+--------+-----+--------+
         Total |   3258 |   3226 |     32 |   1194 |    754 |   3 | 1086.0 |
       Dungeon |   3258 |   3226 |     32 |   1194 |    754 |   3 | 1086.0 |
               +--------+--------+--------+--------+--------+-----+--------+

Top non-repeatable levels by time:
     D:1: 1589 daAuts
     D:2: 1368 daAuts
     D:3: 301 daAuts
